 Dungeon Crawl Stone Soup version 0.27-a0-59-gfbafd837a3 (webtiles) character file.

Game seed: 12581394902496405067

283 Borgoz the Skirmisher (level 6, 0/60 HPs)
             Began as a Ghoul Fighter on Jan 8, 2021.
             Slain by Eustachio
             ... wielding a +0 rapier
              (1 damage)
             ... on level 4 of the Dungeon.
             The game lasted 00:03:28 (2818 turns).

Borgoz the Skirmisher (Ghoul Fighter)               Turns: 2818, Time: 00:03:28

Health: 0/60       AC:  7    Str: 19 (20) XL:     6   Next: 28%
Magic:  5/5        EV:  8    Int:  0 (3)  God:
Gold:   208        SH:  9    Dex:  7 (10) Spells: 5/5 levels left

rFire    . . .     SeeInvis .     - Unarmed
rCold    + . .     Faith    .   b - +0 kite shield
rNeg     + + +     Spirit   .   a - +0 scale mail
rPois    ∞         Reflect  .   (no helmet)
rElec    .         Harm     .   (no cloak)
rCorr    .         Rampage  .   (no gloves)
Will     .....                  (no boots)
Stlth    ..........             (no amulet)
HPRegen  0.00/turn              (no ring)
MPRegen  0.09/turn              (no ring)

@: slowed, lost intelligence, very slow
A: claws 1, cold resistance 1, negative energy resistance 3, inhibited
regeneration, torment resistance, unbreathing
a: no special abilities


You were on level 4 of the Dungeon.
You visited 1 branch of the dungeon, and saw 4 of its levels.

You collected 208 gold pieces.

Inventory:

Armour
 a - a +0 scale mail (worn)
 b - a +0 kite shield (worn)
Jewellery
 f - a +4 ring of evasion {unknown}
 o - a +6 ring of intelligence {unknown}
Wands
 h - a wand of polymorph (4)
Scrolls
 d - 2 scrolls of identify {unknown}
 g - 4 scrolls of teleportation {unknown}
 i - a scroll of enchant armour {unknown}
 j - a scroll of noise {unknown}
 l - 3 scrolls of remove curse {unknown}
 n - a scroll of enchant weapon {unknown}
Potions
 e - a potion of brilliance


   Skills:
 + Level 7.3 Fighting
 * Level 6.3 Armour
 - Level 3.3 Dodging
 + Level 4.8 Shields
 * Level 7.2 Unarmed Combat


You had 5 spell levels left.
You didn't know any spells.
Your spell library was empty.

Dungeon Overview and Level Annotations

Branches:
Dungeon (4/15)
 Temple: D:4-7

Altars:
Ru

Annotations:
D:3 3 runed translucent doors, Megustar's ghost, amateur VSBe
D:4 Eustachio


Innate Abilities, Weirdness & Mutations

You thrive by killing the living.
You are immune to poison.
You have sharp fingernails.
Your flesh is cold resistant. (rC+)
You are immune to negative energy. (rN+++)
You do not regenerate when monsters are visible.
You are immune to unholy pain and torment.
You can survive without breathing.


Message History

The river rat bites you but does no damage.
Okay, then.
You claw the river rat!
The river rat is severely wounded.
The river rat bites you.
* * * LOW HITPOINT WARNING * * *
Okay, then.
You claw the river rat!
You kill the river rat!
The river rat's corpse disappears in a puff of smoke!
You scratch Eustachio but do no damage.
Eustachio is almost dead.
Eustachio hits you with a +0 rapier.
* * * LOW HITPOINT WARNING * * *
Eustachio hits you with a +0 rapier.
* * * LOW HITPOINT WARNING * * *
You barely miss Eustachio.
Eustachio is almost dead.
Eustachio hits you with a +0 rapier.
You die...

... ##.#..§.. ....
#.......§
#.#..#..###...
......§..#§#§§§
#####.......... ####
##.......... #..
..........§^. #.#
#####........ #@#
##....... #@#
##...... ####.###
#####b.... #......#
#....5...#
#.##.#.#####5#@##...#
# #.....##......###..
#...###....####.....#
#..# ##..## ###..$
#.. ##.# ..


You could see Eustachio.

Vanquished Creatures
  3 orc priests (D:3)
  A worker ant (D:4)
  4 adders
  A dart slug (D:1)
  3 leopard geckos
  3 orcs (D:3)
  A ball python (D:2)
  5 bats
  2 giant cockroaches
  7 goblins
  2 hobgoblins
  4 jackals (D:3)
  A quokka (D:3)
  2 frilled lizards (D:1)
  5 kobolds
  5 rats
49 creatures vanquished.

Notes
Turn   | Place    | Note
-------+----------+-------------------------------------------
     0 | D:1      | Borgoz the Ghoul Fighter began the quest for the Orb.
     0 | D:1      | Reached XP level 1. HP: 19/19 MP: 0/0
   130 | D:1      | Reached XP level 2. HP: 26/26 MP: 1/1
   866 | D:2      | Reached XP level 3. HP: 31/31 MP: 2/2
   917 | D:2      | Found a sacrificial altar of Ru.
  1642 | D:3      | Found a runed translucent gate.
  1642 | D:3      | Found a runed translucent gate.
  1642 | D:3      | Found a runed translucent gate.
  1830 | D:3      | Reached XP level 4. HP: 33/40 MP: 3/3
  2310 | D:3      | Reached XP level 5. HP: 22/52 MP: 4/4
  2312 | D:3      | Lost intelligence.
  2328 | D:3      | Reached XP level 6. HP: 14/60 MP: 5/5
  2643 | D:3      | Noticed Megustar's ghost (amateur VSBe)
  2751 | D:4      | Noticed Eustachio
  2817 | D:4      | HP: 2/60 [Eustachio/+0 rapier (5)]
  2818 | D:4      | Slain by Eustachio

Illustrated notes

Levels and vault maps discovered:
D:1:      doesnt_arrival_eight_statues, layout_basic
D:2:      layout_basic, nicolae_overflow_crystal_walls,
          kennysheep_generic_room_16
D:3:      layout_basic, gammafunk_ghost_icy
D:4:      layout_cave_pools, marbit_many_paths,
          chequers_temple_overflow_statue_of_worship,
          gammafunk_ghost_abyssal_escape, minmay_misc_feat_rows, uniq_eustachio

Skill      XL: |  1  2  3  4 |
---------------+-------------+-----
Armour         | 3 6 |  6.3
Unarmed Combat | 3 7 |  7.2
Shields        | 3 4 |  4.8
Fighting       | 7 |  7.3
Dodging        | 3 |  3.3

Action                   |  1- 3 |  4- 6 || total
-------------------------+-------+-------++-------
Melee: Unarmed           |   101 |   109 ||   210
  Use: Potion            |       |     7 ||     7
Armor: Scale mail        |    42 |    86 ||   128
Dodge: Dodged            |    26 |    80 ||   106
Block: Kite shield       |    39 |    85 ||   124

Table legend: (Time is in decaauts)
 A = Elapsed time spent in this place.
 B = Non-inter-level travel time spent in this place.
 C = Inter-level travel time spent in this place.
 D = Time resting spent in this place.
 E = Time spent auto-exploring this place.
 F = Levels seen in this place.
 G = Mean time per level.
                   A        B        C        D        E       F      G
               +--------+--------+--------+--------+--------+-----+--------+
         Total |   3069 |   2929 |    140 |    219 |   2275 |   4 |  767.2 |
       Dungeon |   3069 |   2929 |    140 |    219 |   2275 |   4 |  767.2 |
               +--------+--------+--------+--------+--------+-----+--------+

Top non-repeatable levels by time:
     D:3: 1265 daAuts
     D:2: 891 daAuts
     D:1: 721 daAuts
     D:4: 191 daAuts
